 Dungeon Crawl Stone Soup version 0.31.0-9-g3a7656b989 (webtiles) character file.

Game seed: 17187630157540522951

2949 qw the Nimble (level 9, -4/44 HPs)
             Began as a Spriggan Hunter on Feb 2, 2024.
             Was a Follower of Okawaru.
             Slain by a yak (8 damage)
             ... on level 8 of the Dungeon.
             The game lasted 00:00:35 (5499 turns).

qw the Nimble (Spriggan Hunter)                     Turns: 5499, Time: 00:00:35

Health: -4/44      AC:  4    Str:  7    XL:     9   Next: 51%
Magic:  10/10      EV: 32    Int: 10    God:    Okawaru [*.....]
Gold:   471        SH:  0    Dex: 29    Spells: 8/8 levels left

rFire   + . .        a - +0 shortbow
rCold   + . .        (shield currently unavailable)
rNeg    . . .        d - +2 robe {rF+}
rPois   .            (helmet restricted)
rElec   .            (no cloak)
rCorr   .            (gloves unavailable)
SInv    +            (boots unavailable)
Will    +....        (no amulet)
Stlth   +++          i - ring of protection from cold
HPRegen 0.27/turn    j - +6 ring of dexterity
MPRegen 0.12/turn

%: no passive effects
@: very quick
A: very small, no large weapons, unfitting armour, see invisible, speed 3
a: Renounce Religion, Heroism


You were on level 8 of the Dungeon.
You worshipped Okawaru.
Okawaru was aware of your devotion.
You visited 2 branches of the dungeon, and saw 9 of its levels.

You collected 471 gold pieces.


Innate Abilities, Weirdness & Mutations

You are very small and have problems with some larger weapons.
You are too small for most types of armour.
You have supernaturally acute eyesight. (SInv)
You cover ground extremely quickly. (Speed+++)


   Skills:
 - Level 3.1 Fighting
 - Level 10.4 Ranged Weapons
 + Level 11.5 Dodging
 - Level 1.5 Stealth
 + Level 0.0 Invocations


You had 8 spell levels left.
You didn't know any spells.
Your spell library was empty.

Inventory:

Hand Weapons
 a - a +0 shortbow (weapon)
Armour
 d - a +2 robe of fire resistance (worn)
Jewellery
 h - a ring of positive energy
 i - a ring of protection from cold (left hand)
 j - a +6 ring of dexterity (right hand)
 Y - a ring of protection from fire
Scrolls
 c - a scroll of identify
Potions
 b - 2 potions of cancellation
 e - a potion of might
 k - 2 potions of curing
 n - a potion of mutation

Dungeon Overview and Level Annotations

Branches:
Dungeon (8/15)             Temple (1/1) D:7
   Lair: D:8-11

Altars:
Ashenzari
Cheibriados
Elyvilon
Fedhas
Gozag
Hepliaklqana
Kikubaaqudgha
Makhleb
Nemelex Xobeh
Okawaru
Qazlal
Ru
Sif Muna
Trog
Uskayaw
Vehumet
Wu Jian
Xom
Yredelemnul
Zin
The Shining One

Annotations:
D:3 1 runed translucent door, qw's ghost, weakling DEHu


Message History

You shoot an arrow. The arrow completely misses the yak.
The orc wizard hits you but does no damage.
The yak barely misses you.
You shoot an arrow. The arrow barely misses the yak.
The orc wizard closely misses you. The yak gores you.
The yak closely misses you.
You shoot an arrow. The arrow closely misses the yak.
The arrow hits the orc!
You kill the orc!
Okawaru accepts your kill. The orc wizard misses you. The yak gores you.
The yak completely misses you.
You shoot an arrow. The arrow closely misses the yak.
The arrow hits the yak.
The yak is lightly wounded.
The orc wizard completely misses you. The yak misses you. x2
The orc misses you.
You shoot an arrow.
The arrow hits the yak but does no damage.
The orc wizard hits you with a +0 dagger.
The yak completely misses you. x2; The orc completely misses you.
You shoot an arrow. The arrow hits the yak.
The yak is lightly wounded.
The orc wizard closely misses you. The yak closely misses you.
The yak completely misses you. The orc completely misses you.
You shoot an arrow. The arrow hits the yak.
The yak is moderately wounded.
The orc wizard closely misses you. The yak gores you but does no damage.
The yak gores you! The orc completely misses you.
You shoot an arrow. The arrow hits the yak!
The yak is heavily wounded.
The orc wizard casts a spell.
The orc wizard flickers and vanishes for a moment.
The yak misses you. The yak completely misses you.
The orc completely misses you.
You shoot an arrow. The arrow hits the yak!
The yak is severely wounded.
The orc wizard hits you with a +0 dagger.
You shoot an arrow.
The arrow hits the yak but does no damage.
The yak is severely wounded.
The yak completely misses you. The yak gores you!
You die...

.# ..#
#########.##
#@oY........
#YYo$.....#
#Y.......#
#.......##
#...<..##
#......#
#..?...#
#......#
#......#


You could see 4 yaks, an orc wizard (invisible) and an orc.

Vanquished Creatures
  A deep elf pyromancer (D:7)
  Grinder (D:5)
  Sigmund (D:6)
  A yak (D:8)
  Eustachio (D:4)
  A black bear (D:4)
  An ice beast (D:7)
  2 ogres (D:5)
  A phantom (D:5)
  2 bullfrogs
  2 scorpions
  4 wights (D:7)
  A water moccasin zombie (D:5)
  2 bombardier beetles
  4 hounds
  2 orc priests (D:7)
  2 bullfrog zombies (D:5)
  2 gnoll boudas
  4 jellies
  2 scorpion zombies (D:5)
  A sleepcap (D:4)
  2 iguanas (D:6)
  4 orc wizards
  A statue (D:5)
  2 howler monkey zombies (D:5)
  12 gnolls
  4 adders
  A shadow imp (D:6)
  A white imp (D:7)
  2 ufetubi (D:5)
  A dart slug (D:5)
  3 ribbon worms
  19 orcs
  8 ball pythons
  3 endoplasms
  4 giant cockroaches
  3 hobgoblins
  4 jackals (D:4)
  7 kobolds
  6 quokkas
  4 bats
  6 frilled lizards
  5 goblins
  4 rats
144 creatures vanquished.

Notes
Turn   | Place    | Note
-------+----------+-------------------------------------------
     0 | D:1      | qw the Spriggan Hunter began the quest for the Orb.
     0 | D:1      | Reached XP level 1. HP: 10/10 MP: 2/2
     0 | D:1      | 0 ||| qw: Version: 0.3-a-155-g5e7d8dd
     0 | D:1      | 0 ||| qw: Game counter: 2104
     0 | D:1      | 0 ||| qw: Melee chars always use a shield: true
     0 | D:1      | 0 ||| qw: God list: Okawaru
     0 | D:1      | 0 ||| qw: Allow faded altars: false
     0 | D:1      | 0 ||| qw: Do Orc after clearing Dungeon:15 true
     0 | D:1      | 0 ||| qw: Do second Lair branch before Depths: true
     0 | D:1      | 0 ||| qw: Lair rune preference: random
     0 | D:1      | 0 ||| qw: Goals: Normal
     0 | D:1      | 0 ||| PLANNING D:1-11
    33 | D:1      | Reached skill level 3 in Dodging
    72 | D:1      | 72 ||| DROPPING scroll of butterflies.
   133 | D:1      | Reached XP level 2. HP: 14/14 MP: 3/3
   408 | D:1      | Found a faded altar of an unknown god.
   466 | D:1      | Reached skill level 4 in Dodging
   719 | D:2      | Identified the +5 spear "Keud Obi" {protect, rC+ rCorr
                  | Str+2}
   930 | D:2      | Reached XP level 3. HP: 5/18 MP: 4/4
   935 | D:2      | HP: 2/18 [gnoll/+0 halberd (5)]
  1082 | D:2      | Reached XP level 4. HP: 22/22 MP: 5/5
  1218 | D:2      | 1218 ||| FLEEEEING.
  1360 | D:2      | 1360 ||| UPGRADING to ring of positive energy.
  1361 | D:2      | 1361 ||| READING scroll labelled USYTOV BUTOM.
  1362 | D:2      | 1362 ||| READING scroll labelled WYPPEXZI SIXIG.
  1363 | D:2      | 1363 ||| DRINKING 3 grey potions.
  1364 | D:2      | 1364 ||| DROPPING 2 potions of attraction.
  1377 | D:3      | 1377 ||| STAIRDANCE
  1445 | D:3      | Reached skill level 5 in Dodging
  1459 | D:3      | Found a runed translucent door.
  1460 | D:3      | Noticed qw's ghost (weakling DEHu)
  1756 | D:3      | Reached XP level 5. HP: 26/26 MP: 6/6
  1915 | D:3      | 1915 ||| UPGRADING to +6 ring of dexterity.
  1916 | D:3      | 1916 ||| READING scroll labelled RYUCVO RERI.
  1917 | D:3      | 1917 ||| READING 2 scrolls labelled YNAOBU OPUKEET.
  1917 | D:3      | 1917 ||| IDENTIFYING fizzy green potion
  1918 | D:3      | 1918 ||| READING scroll of identify.
  1918 | D:3      | 1918 ||| IDENTIFYING 2 fizzy emerald potions
  1919 | D:3      | 1919 ||| READING scroll labelled TUSOYTHR VORUA.
  1920 | D:3      | 1920 ||| READING 2 scrolls labelled KYURIG WEDDU.
  1921 | D:3      | 1921 ||| DROPPING scroll of fog.
  1923 | D:3      | 1923 ||| Stepping ~*~*~tactically~*~*~ (cloud).
  1932 | D:3      | HP: 6/26 [poisoned by you (poison gas)]
  2101 | D:4      | Found a white marble altar of Elyvilon.
  2159 | D:4      | Reached skill level 6 in Dodging
  2274 | D:4      | 2274 ||| READING scroll labelled AMPUGOTSIS.
  2275 | D:4      | 2275 ||| FLEEEEING.
  2276 | D:4      | 2276 ||| FLEEEEING.
  2277 | D:4      | 2277 ||| FLEEEEING.
  2285 | D:4      | Noticed a black bear
  2287 | D:4      | 2287 ||| DRINKING 2 amethyst potions.
  2294 | D:4      | Killed a black bear
  2295 | D:4      | Reached XP level 6. HP: 16/30 MP: 7/7
  2461 | D:4      | Noticed Eustachio
  2484 | D:4      | Killed Eustachio
  2485 | D:4      | Reached skill level 6 in Ranged Weapons
  2719 | D:4      | 2719 ||| READING 2 scrolls of identify.
  2719 | D:4      | 2719 ||| IDENTIFYING inky potion
  2720 | D:4      | 2720 ||| READING scroll of identify.
  2720 | D:4      | 2720 ||| IDENTIFYING bubbling black potion
  2726 | D:5      | Entered Level 5 of the Dungeon
  2731 | D:5      | 2731 ||| STAIRDANCE
  2738 | D:4      | Reached skill level 7 in Dodging
  2738 | D:4      | Reached XP level 7. HP: 33/35 MP: 8/8
  2891 | D:5      | Reached skill level 8 in Dodging
  3111 | D:5      | Reached skill level 9 in Dodging
  3116 | D:5      | Reached XP level 8. HP: 38/39 MP: 9/9
  3138 | D:5      | Found a radiant altar of Vehumet.
  3138 | D:5      | Noticed Grinder
  3139 | D:5      | 3139 ||| DRINKING potion of haste.
  3152 | D:5      | Killed Grinder
  3311 | D:5      | Found a sparkling altar of Nemelex Xobeh.
  3464 | D:5      | 3464 ||| UPGRADING to ring of protection from fire.
  3466 | D:5      | 3466 ||| READING scroll of identify.
  3466 | D:5      | 3466 ||| IDENTIFYING fizzy pink potion
  3467 | D:5      | 3467 ||| READING scroll labelled SOHOFULIL.
  3468 | D:5      | 3468 ||| READING scroll labelled YVEVEU QINE.
  3569 | D:5      | 3569 ||| READING scroll labelled XIXZIJEFAO.
  3670 | D:5      | 3670 ||| DRINKING 3 murky pink potions.
  3671 | D:5      | 3671 ||| DROPPING potion of berserk rage.
  3672 | D:5      | 3672 ||| DROPPING 2 potions of degeneration.
  3704 | D:6      | Found a shimmering altar of Xom.
  3716 | D:6      | Found a shimmering altar of Xom.
  3725 | D:6      | Reached skill level 3 in Fighting
  3789 | D:6      | Found a shimmering altar of Xom.
  3789 | D:6      | Found a shimmering altar of Xom.
  3790 | D:6      | Found a shimmering altar of Xom.
  3841 | D:6      | 3841 ||| RETREEEEATING.
  3843 | D:6      | 3843 ||| RETREEEEATING.
  3844 | D:6      | 3844 ||| RETREEEEATING.
  3845 | D:6      | 3845 ||| RETREEEEATING.
  3846 | D:6      | 3846 ||| RETREEEEATING.
  3869 | D:6      | HP: 10/40 [gnoll/+0 spear[a gnoll bouda] (6)]
  3870 | D:6      | 3870 ||| DRINKING potion of heal wounds.
  3910 | D:6      | Noticed Sigmund
  3919 | D:6      | Killed Sigmund
  3920 | D:6      | Reached skill level 9 in Ranged Weapons
  4210 | D:6      | Reached skill level 10 in Dodging
  4278 | D:6      | 4278 ||| UPGRADING to +2 robe of fire resistance.
  4288 | D:6      | 4288 ||| DROPPING +0 robe.
  4289 | D:6      | 4289 ||| DROPPING ring of ice.
  4290 | D:6      | 4290 ||| UPGRADING to ring of protection from cold.
  4292 | D:6      | 4292 ||| READING scroll of identify.
  4292 | D:6      | 4292 ||| IDENTIFYING red potion
  4293 | D:6      | 4293 ||| DRINKING 2 white potions.
  4325 | D:6      | 4325 ||| DROPPING potion of lignification.
  4366 | D:7      | 4366 ||| RETREEEEATING.
  4376 | D:7      | Reached XP level 9. HP: 43/44 MP: 10/10
  4523 | D:7      | Found a staircase to the Ecumenical Temple.
  4524 | D:7      | 4524 ||| PLANNING TEMPLE
  4528 | Temple   | Entered the Ecumenical Temple
  4529 | Temple   | 4529 ||| PLANNING OKAWARU WORSHIP
  4536 | Temple   | Became a worshipper of Warmaster Okawaru
  4537 | Temple   | 4537 ||| PLANNING D:1-11
  4636 | D:7      | Found a broken altar of Ashenzari.
  4684 | D:7      | 4684 ||| FLEEEEING.
  4780 | D:7      | Reached skill level 11 in Dodging
  4937 | D:7      | Identified the +7 ring mail of the Land of Plenty {Str+5}
  5196 | D:7      | Found a flagged portal.
  5306 | D:7      | Noticed a deep elf pyromancer
  5319 | D:7      | Killed a deep elf pyromancer
  5472 | D:8      | 5472 ||| RETREEEEATING.
  5473 | D:8      | 5473 ||| RETREEEEATING.
  5474 | D:8      | 5474 ||| RETREEEEATING.
  5475 | D:8      | 5475 ||| RETREEEEATING.
  5488 | D:8      | Reached * piety under Okawaru
  5496 | D:8      | HP: 5/44 [yak (12)]
  5499 | D:8      | Slain by a yak

Levels and vault maps discovered:
D:1:      evilmike_arrival_crescent, layout_loops_ring,
          ebering_ecumenical_altar_sacrificial, grunt_decor_junction,
          minmay_stone_trees_small, skrybe_limestone_x, kennysheep_crisscross
D:2:      layout_loops_cross
D:3:      layout_basic, ebering_ghost_inner_flame,
          chequers_serial_rivers_micro_a, hangedman_decor_diamond_cutter,
          minmay_misc_feat_columns
D:4:      nicolae_cairo_tiling_large_dashed, layout_rooms, elyvilon_altar_3,
          nicolae_concentric_dashed_squares_wild, uniq_eustachio
D:5:      layout_rooms, vehumet_statue, nemelex_diamond_rough_becter,
          serial_undead, serial_undead_d, serial_undead_d, serial_undead_e,
          serial_undead_c, serial_undead_c, serial_undead_f,
          minmay_curled_crystal, minmay_misc_feat_tower,
          chequers_serial_rivers_marsh, hangedman_decor_clover_reticule,
          uniq_grinder
D:6:      layout_gridville, xom_redecorated, uniq_sigmund
D:7:      layout_loops_ring, kennysheep_little_box,
          minmay_temple_entry_crystal_x, enter_bailey_8,
          guppyfry_early_elven_hall
D:8:      layout_rooms, grunt_decor_one_mirror, minmay_three_doors
Temple:   lightli_temple_of_artemis

Skill      XL: |  1  2  3  4  5  6  7  8  9 |
---------------+----------------------------+-----
Dodging        | 3 4 5 6 7 9 10 11 | 11.5
Ranged Weapons | 5 6 7 9 10 | 10.4
Fighting       | 2 3 |  3.1
Stealth        | |  1.5

Action                     |  1- 3 |  4- 6 |  7- 9 || total
---------------------------+-------+-------+-------++-------
   Fire: Shortbow          |    82 |   152 |   408 ||   642
    Use: Scroll            |       |    10 |     5 ||    15
         Potion            |       |     2 |     4 ||     6
 Armour: Robe              |     5 |    11 |    50 ||    66
  Dodge: Dodged            |    25 |    59 |   288 ||   372

Table legend:
 A = Non-vault XP
 B = Vault XP
 C = Vault XP percentage of total XP
 D = Non-vault monster count
 E = Vault monster count
 F = Vault count percentage of total count
                 A         B        C        D         E       F
            +---------+---------+-------+---------+---------+-------
      Total |    2596 |    1618 |  38.4 |     131 |      13 |   9.0
            +---------+---------+-------+---------+---------+-------
        D:1 |      23 |       0 |   0.0 |      15 |       0 |   0.0
        D:2 |     100 |       0 |   0.0 |      21 |       0 |   0.0
        D:3 |      82 |       0 |   0.0 |      18 |       0 |   0.0
        D:4 |     363 |     191 |  34.5 |      15 |       1 |   6.2
        D:5 |     574 |     669 |  53.8 |      17 |      10 |  37.0
        D:6 |     445 |     214 |  32.5 |      17 |       1 |   5.6
        D:7 |     800 |     544 |  40.5 |      26 |       1 |   3.7
        D:8 |     209 |       0 |   0.0 |       2 |       0 |   0.0
            +---------+---------+-------+---------+---------+-------
